Blues vs Senators

Created - March 2 2011 at 18:52

Goals
1 2 3 T
Blues 1 1 0 2
Senators 3 0 1 4
Shots
1 2 3 T
Blues 7 12 6 25
Senators 17 11 11 39

Period #1

1. Blues , Robyn Regehr 4 (Scott Niedermayer, Kristian Huselius) at 2:10 (PP)
2. Senators , Sidney Crosby 41 (Alexandre Burrows, Filip Kuba) at 3:52 (PP)
3. Senators , Sidney Crosby 42 (Thomas Vanek, Filip Kuba) at 8:43
4. Senators , Thomas Vanek 17 (Sidney Crosby, Chris Stewart) at 10:36

Penalties :
Carl Gunnarsson (OTT) for Charging (Minor) at 1:22, Saku Koivu (STL) for Hooking (Minor) at 2:30, Robyn Regehr (STL) for Tripping (Minor) at 4:58, Milan Jurcina (STL) for Hooking (Minor) at 13:03, Todd Bertuzzi (STL) for Hooking (Minor) at 15:03

Period #2

5. Blues , Jussi Jokinen 27 (Dennis Wideman) at 5:39

Penalties :
Sidney Crosby (OTT) for Goalie Interference (Minor) at 6:56, Guillaume Latendresse (OTT) for Tripping (Minor) at 13:51, Milan Jurcina (STL) for Hooking (Minor) at 13:51, Chris Kunitz (STL) for Cross-checking (Minor) at 18:35

Period #3

6. Senators , Jay Bouwmeester 7 (Sidney Crosby, Jason Spezza) at 19:49 (Empty Net)

Penalties :
Steve Ott (STL) for Cross-checking (Minor) at 6:41, Robyn Regehr (STL) for High sticking (Minor) at 15:07, Milan Jurcina (STL) for Hooking (Minor) at 16:03

Goalie Stats

Jonathan Quick (STL), 35 saves from 38 shots - (0.921), L, 24-32-3, 59:11 minutes
Carey Price (OTT), 23 saves from 25 shots - (0.920), W, 16-6-0, 60:00 minutes

Players Stats

Blues
Player Name              G  A  P  +/- PIM S  H  SB FO    MP 
------------------------------------------------------------
Alexander Frolov         0  0  0  -1  0   0  0  0  0/1   13 
Brad Lukowich            0  0  0   0  0   0  0  0  0/0   15 
Brian Pothier            0  0  0  -1  0   0  2  2  0/0   21 
Chris Kunitz             0  0  0  -1  2   3  2  0  0/0   11 
Dan Sexton               0  0  0   0  0   1  0  0  0/0   5  
Daymond Langkow          0  0  0   0  0   2  0  0  11/17 18 
Dennis Wideman           0  1  1  -1  0   2  0  2  0/0   22 
Jamie Langenbrunner      0  0  0  -1  0   2  5  1  6/11  20 
Jussi Jokinen            1  0  1  -1  0   2  1  1  12/33 20 
Kristian Huselius        0  1  1  -1  0   5  2  0  0/4   20 
Matthew Lombardi         0  0  0  -1  0   1  0  0  7/16  12 
Mike Comrie              0  0  0   0  0   0  0  0  0/0   6  
Milan Jurcina            0  0  0   0  6   1  2  1  0/0   15 
Robyn Regehr             1  0  1  -1  4   1  2  0  0/0   21 
Saku Koivu               0  0  0   0  2   1  2  0  5/11  11 
Scott Niedermayer        0  1  1  -1  0   2  1  4  0/0   24 
Steve Ott                0  0  0   0  2   1  3  0  0/0   14 
Todd Bertuzzi            0  0  0   0  2   1  0  0  1/1   14 
Senators
Player Name              G  A  P  +/- PIM S  H  SB FO    MP 
------------------------------------------------------------
Alexandre Burrows        0  1  1   0  0   2  2  0  2/2   22 
Carl Gunnarsson          0  0  0   0  2   2  3  1  0/0   19 
Chris Stewart            0  1  1   1  0   4  4  0  2/4   18 
Daniel Briere            0  0  0   0  0   2  1  0  0/1   14 
David Jones              0  0  0   0  0   2  0  0  0/3   8  
David Steckel            0  0  0   0  0   1  0  0  5/10  8  
Dion Phaneuf             0  0  0   1  0   4  1  0  0/0   20 
Filip Kuba               0  2  2   2  0   0  1  0  0/0   21 
Guillaume Latendresse    0  0  0   0  2   2  2  0  0/1   17 
Jaroslav Spacek          0  0  0   0  0   0  0  1  0/0   20 
Jason Spezza             0  1  1   1  0   2  0  0  20/32 22 
Jay Bouwmeester          1  0  1   1  0   1  2  1  0/0   24 
Jordan Staal             0  0  0   0  0   0  0  0  8/12  11 
Karlis Skrastins         0  0  0   0  0   1  0  1  0/0   17 
Patrick Dwyer            0  0  0   0  0   1  0  1  0/1   7  
Patrick Eaves            0  0  0   0  0   1  0  0  1/2   10 
Sidney Crosby            2  2  4   2  2   8  2  0  13/25 19 
Thomas Vanek             1  1  2   2  0   6  1  1  1/1   17 

3 Stars

1 - Sidney Crosby (OTT)
2 - Thomas Vanek (OTT)
3 - Filip Kuba (OTT)

Power Play

Blues - 1 on 2 Attempt(s) - 50.00%
Senators - 1 on 8 Attempt(s) - 12.50%

Penalty Kill

Blues - 7 on 8 Attempt(s) - 87.50% - Score 0 goal in Penalty Kill
Senators - 1 on 2 Attempt(s) - 50.00% - Score 0 goal in Penalty Kill

Game Notes

Jay Bouwmeester has scored in a empty net!

Finance

Level 1 -- Attendance: 4811 (74.02%) -- Ticket Income $481,100.00
Level 2 -- Attendance: 3913 (78.26%) -- Ticket Income $234,780.00
Level 3 -- Attendance: 3097 (88.49%) -- Ticket Income $108,395.00
Level 4 -- Attendance: 1509 (47.86%) -- Ticket Income $45,270.00
Luxury Box -- Attendance: 679 (67.90%) -- Ticket Income $169,750.00
Game was played at the Scotiabank Place
Total Attendance: 14009 (73.14%)
Total Ticket Income: $1,097,057.00
Other Income: $201,319.20
Total Income: $1,298,376.00


Play by Play

Period #1

0:01 of 1st period - Sidney Crosby wins face-off versus Matthew Lombardi in neutral zone.
1:16 of 1st period - Shot by Jussi Jokinen.
1:16 of 1st period - Shot Misses the Net.
1:19 of 1st period - Icing by Jason Spezza.
1:20 of 1st period - Todd Bertuzzi wins face-off versus Jason Spezza in Senators zone.
1:20 of 1st period - Daymond Langkow is hit by Carl Gunnarsson and loses puck.
1:22 of 1st period - Minor Penalty to Carl Gunnarsson for Charging.
1:23 of 1st period - Jussi Jokinen wins face-off versus Jordan Staal in Senators zone.
1:28 of 1st period - Shot by Scott Niedermayer.
1:28 of 1st period - Stopped by Carey Price without a rebound.
1:29 of 1st period - Matthew Lombardi wins face-off versus Patrick Eaves in Senators zone.
1:44 of 1st period - Matthew Lombardi is hit by Jay Bouwmeester and loses puck.
1:53 of 1st period - Shot by Chris Kunitz.
1:53 of 1st period - Stopped by Carey Price without a rebound.
1:54 of 1st period - David Steckel wins face-off versus Jussi Jokinen in Senators zone.
2:00 of 1st period - Icing by Scott Niedermayer.
2:01 of 1st period - Jussi Jokinen wins face-off versus David Jones in Blues zone.
2:08 of 1st period - Shot by Scott Niedermayer.
2:08 of 1st period - Shot Blocked by Jaroslav Spacek.
2:10 of 1st period - Shot by Robyn Regehr.
2:10 of 1st period - Goal by Robyn Regehr - Blues : 1 - Senators : 0.
2:11 of 1st period - Jason Spezza wins face-off versus Daymond Langkow in neutral zone.
2:23 of 1st period - Off-side.
2:24 of 1st period - Saku Koivu wins face-off versus Jordan Staal in neutral zone.
2:30 of 1st period - Minor Penalty to Saku Koivu for Hooking.
2:31 of 1st period - Jussi Jokinen wins face-off versus Jason Spezza in Blues zone.
3:52 of 1st period - Shot by Sidney Crosby.
3:52 of 1st period - Goal by Sidney Crosby - Blues : 1 - Senators : 1.
3:53 of 1st period - Daymond Langkow wins face-off versus David Steckel in neutral zone.
3:56 of 1st period - Patrick Eaves is hit by Steve Ott and loses puck.
4:22 of 1st period - Shot by Karlis Skrastins.
4:22 of 1st period - Shot Blocked by Milan Jurcina.
4:41 of 1st period - Icing by Brad Lukowich.
4:42 of 1st period - Daymond Langkow wins face-off versus Sidney Crosby in Blues zone.
4:42 of 1st period - Daymond Langkow is hit by Chris Stewart.
4:45 of 1st period - Todd Bertuzzi is hit by Chris Stewart.
4:57 of 1st period - Shot by Thomas Vanek.
4:57 of 1st period - Stopped by Jonathan Quick without a rebound.
4:58 of 1st period - Jason Spezza wins face-off versus Saku Koivu in Blues zone.
4:58 of 1st period - Minor Penalty to Robyn Regehr for Tripping.
4:59 of 1st period - Sidney Crosby wins face-off versus Jamie Langenbrunner in Blues zone.
5:24 of 1st period - Shot by Alexandre Burrows.
5:24 of 1st period - Shot Misses the Net.
7:05 of 1st period - Daymond Langkow is hit by Carl Gunnarsson.
7:13 of 1st period - Shot by Todd Bertuzzi.
7:13 of 1st period - Stopped by Carey Price without a rebound.
7:14 of 1st period - Jason Spezza wins face-off versus Matthew Lombardi in Senators zone.
7:41 of 1st period - Shot by Chris Kunitz.
7:41 of 1st period - Stopped by Carey Price without a rebound.
7:42 of 1st period - Daymond Langkow wins face-off versus Patrick Dwyer in Senators zone.
8:09 of 1st period - Shot by Todd Bertuzzi.
8:09 of 1st period - Shot Blocked by Patrick Dwyer.
8:13 of 1st period - Shot by Steve Ott.
8:13 of 1st period - Stopped by Carey Price without a rebound.
8:14 of 1st period - Sidney Crosby wins face-off versus Kristian Huselius in Senators zone.
8:43 of 1st period - Shot by Sidney Crosby.
8:43 of 1st period - Goal by Sidney Crosby - Blues : 1 - Senators : 2.
8:44 of 1st period - Saku Koivu wins face-off versus David Jones in neutral zone.
9:03 of 1st period - Shot by David Jones.
9:03 of 1st period - Shot Misses the Net.
9:08 of 1st period - Off-side.
9:09 of 1st period - Daymond Langkow wins face-off versus Jason Spezza in neutral zone.
9:44 of 1st period - Shot by Alexandre Burrows.
9:44 of 1st period - Stopped by Jonathan Quick without a rebound.
9:45 of 1st period - David Steckel wins face-off versus Jussi Jokinen in Blues zone.
9:54 of 1st period - Shot by David Steckel.
9:54 of 1st period - Stopped by Jonathan Quick with a rebound.
10:05 of 1st period - Off-side.
10:06 of 1st period - Sidney Crosby wins face-off versus Matthew Lombardi in neutral zone.
10:15 of 1st period - Robyn Regehr is hit by Sidney Crosby and loses puck.
10:34 of 1st period - Shot by Sidney Crosby.
10:34 of 1st period - Shot Misses the Net.
10:36 of 1st period - Shot by Thomas Vanek.
10:36 of 1st period - Goal by Thomas Vanek - Blues : 1 - Senators : 3.
10:37 of 1st period - Jason Spezza wins face-off versus Alexander Frolov in neutral zone.
10:47 of 1st period - Icing by Kristian Huselius.
10:48 of 1st period - Jordan Staal wins face-off versus Jussi Jokinen in Blues zone.
10:52 of 1st period - Icing by Brian Pothier.
10:53 of 1st period - Jason Spezza wins face-off versus Jussi Jokinen in Blues zone.
11:04 of 1st period - Shot by Alexandre Burrows.
11:04 of 1st period - Stopped by Jonathan Quick with a rebound.
13:03 of 1st period - Minor Penalty to Milan Jurcina for Hooking.
13:04 of 1st period - Jordan Staal wins face-off versus Jussi Jokinen in Blues zone.
13:05 of 1st period - Shot by Dion Phaneuf.
13:05 of 1st period - Stopped by Jonathan Quick without a rebound.
13:06 of 1st period - Jordan Staal wins face-off versus Jussi Jokinen in Blues zone.
13:07 of 1st period - Shot by Chris Stewart.
13:07 of 1st period - Stopped by Jonathan Quick without a rebound.
13:08 of 1st period - Sidney Crosby wins face-off versus Jussi Jokinen in Blues zone.
13:35 of 1st period - Shot by Chris Stewart.
13:35 of 1st period - Stopped by Jonathan Quick with a rebound.
13:37 of 1st period - Shot by Jaroslav Spacek.
13:37 of 1st period - Shot Misses the Net.
14:52 of 1st period - Shot by Chris Stewart.
14:52 of 1st period - Stopped by Jonathan Quick with a rebound.
15:03 of 1st period - Minor Penalty to Todd Bertuzzi for Hooking.
15:04 of 1st period - Jussi Jokinen wins face-off versus Sidney Crosby in Blues zone.
15:04 of 1st period - Jussi Jokinen is hit by Alexandre Burrows.
15:15 of 1st period - Shot by Thomas Vanek.
15:15 of 1st period - Shot Blocked by Brian Pothier.
15:17 of 1st period - Shot by Karlis Skrastins.
15:17 of 1st period - Stopped by Jonathan Quick without a rebound.
15:18 of 1st period - Sidney Crosby wins face-off versus Jamie Langenbrunner in Blues zone.
15:27 of 1st period - Shot by Alexandre Burrows.
15:27 of 1st period - Shot Blocked by Scott Niedermayer.
15:31 of 1st period - Shot by Sidney Crosby.
15:31 of 1st period - Stopped by Jonathan Quick without a rebound.
15:32 of 1st period - Alexandre Burrows wins face-off versus Jussi Jokinen in Blues zone.
15:33 of 1st period - Shot by Sidney Crosby.
15:33 of 1st period - Stopped by Jonathan Quick without a rebound.
15:34 of 1st period - Jussi Jokinen wins face-off versus Jason Spezza in Blues zone.
15:45 of 1st period - Shot by Chris Stewart.
15:45 of 1st period - Shot Blocked by Scott Niedermayer.
15:49 of 1st period - Shot by Dion Phaneuf.
15:49 of 1st period - Stopped by Jonathan Quick without a rebound.
15:50 of 1st period - Thomas Vanek wins face-off versus Jussi Jokinen in Blues zone.
16:07 of 1st period - Shot by Thomas Vanek.
16:07 of 1st period - Stopped by Jonathan Quick with a rebound.
16:09 of 1st period - Shot by Filip Kuba.
16:09 of 1st period - Shot Misses the Net.
16:11 of 1st period - Shot by Thomas Vanek.
16:11 of 1st period - Stopped by Jonathan Quick without a rebound.
16:12 of 1st period - Jamie Langenbrunner wins face-off versus Chris Stewart in Blues zone.
16:21 of 1st period - Shot by Chris Stewart.
16:21 of 1st period - Shot Misses the Net.
17:26 of 1st period - Shot by Daymond Langkow.
17:26 of 1st period - Shot Misses the Net.
18:24 of 1st period - Icing by Jaroslav Spacek.
18:25 of 1st period - Jordan Staal wins face-off versus Saku Koivu in Senators zone.
18:50 of 1st period - Shot by Dan Sexton.
18:50 of 1st period - Stopped by Carey Price without a rebound.
18:51 of 1st period - Jason Spezza wins face-off versus Jussi Jokinen in Senators zone.
19:03 of 1st period - Icing by Alexandre Burrows.
19:04 of 1st period - Matthew Lombardi wins face-off versus Jason Spezza in Senators zone.
19:19 of 1st period - Scott Niedermayer is hit by Guillaume Latendresse and loses puck.
19:28 of 1st period - Shot by Guillaume Latendresse.
19:28 of 1st period - Shot Blocked by Scott Niedermayer.
19:30 of 1st period - Shot by Jay Bouwmeester.
19:30 of 1st period - Shot Blocked by Jamie Langenbrunner.
19:32 of 1st period - Shot by Carl Gunnarsson.
19:32 of 1st period - Shot Blocked by Dennis Wideman.

Period #2

0:01 of 2nd period - Matthew Lombardi wins face-off versus Sidney Crosby in neutral zone.
0:10 of 2nd period - Shot by Chris Kunitz.
0:10 of 2nd period - Stopped by Carey Price without a rebound.
0:11 of 2nd period - Jason Spezza wins face-off versus Jussi Jokinen in Senators zone.
0:34 of 2nd period - Shot by Kristian Huselius.
0:34 of 2nd period - Shot Misses the Net.
0:38 of 2nd period - Shot by Kristian Huselius.
0:38 of 2nd period - Shot Misses the Net.
0:42 of 2nd period - Shot by Dennis Wideman.
0:42 of 2nd period - Shot Blocked by Jay Bouwmeester.
0:47 of 2nd period - Icing by Jay Bouwmeester.
0:48 of 2nd period - Jason Spezza wins face-off versus Matthew Lombardi in Senators zone.
0:48 of 2nd period - Jason Spezza is hit by Chris Kunitz.
1:41 of 2nd period - Icing by Carl Gunnarsson.
1:42 of 2nd period - Daymond Langkow wins face-off versus Guillaume Latendresse in Senators zone.
1:54 of 2nd period - Icing by Milan Jurcina.
1:55 of 2nd period - Sidney Crosby wins face-off versus Daymond Langkow in Blues zone.
1:55 of 2nd period - Dion Phaneuf is hit by Milan Jurcina and loses puck.
2:06 of 2nd period - Shot by Daymond Langkow.
2:06 of 2nd period - Stopped by Carey Price without a rebound.
2:07 of 2nd period - Jussi Jokinen wins face-off versus David Jones in Senators zone.
2:31 of 2nd period - Shot by Kristian Huselius.
2:31 of 2nd period - Stopped by Carey Price with a rebound.
3:35 of 2nd period - Shot by Chris Kunitz.
3:35 of 2nd period - Deflect By Jamie Langenbrunner.
3:35 of 2nd period - Stopped by Carey Price with a rebound.
3:37 of 2nd period - Shot by Jamie Langenbrunner.
3:37 of 2nd period - Shot Misses the Net.
3:39 of 2nd period - Shot by Scott Niedermayer.
3:39 of 2nd period - Stopped by Carey Price without a rebound.
3:40 of 2nd period - Daymond Langkow wins face-off versus David Steckel in Senators zone.
3:58 of 2nd period - Shot by Patrick Eaves.
3:58 of 2nd period - Shot Misses the Net.
4:00 of 2nd period - Shot by Patrick Dwyer.
4:00 of 2nd period - Deflect By Patrick Eaves.
4:00 of 2nd period - Stopped by Jonathan Quick without a rebound.
4:01 of 2nd period - Jason Spezza wins face-off versus Saku Koivu in Blues zone.
4:25 of 2nd period - Shot by Guillaume Latendresse.
4:25 of 2nd period - Shot Misses the Net.
4:29 of 2nd period - Shot by Guillaume Latendresse.
4:29 of 2nd period - Shot Misses the Net.
5:21 of 2nd period - Shot by Daymond Langkow.
5:21 of 2nd period - Shot Blocked by Thomas Vanek.
5:25 of 2nd period - Shot by Todd Bertuzzi.
5:25 of 2nd period - Shot Misses the Net.
5:39 of 2nd period - Shot by Jussi Jokinen.
5:39 of 2nd period - Goal by Jussi Jokinen - Blues : 2 - Senators : 3.
5:40 of 2nd period - Jason Spezza wins face-off versus Jussi Jokinen in neutral zone.
5:45 of 2nd period - Shot by Guillaume Latendresse.
5:45 of 2nd period - Stopped by Jonathan Quick without a rebound.
5:46 of 2nd period - David Steckel wins face-off versus Jussi Jokinen in Blues zone.
6:18 of 2nd period - Off-side.
6:19 of 2nd period - Matthew Lombardi wins face-off versus Jason Spezza in neutral zone.
6:40 of 2nd period - Shot by Jason Spezza.
6:40 of 2nd period - Stopped by Jonathan Quick without a rebound.
6:41 of 2nd period - Daymond Langkow wins face-off versus Sidney Crosby in Blues zone.
6:45 of 2nd period - Off-side.
6:46 of 2nd period - Daymond Langkow wins face-off versus Sidney Crosby in neutral zone.
6:51 of 2nd period - Sidney Crosby is hit by Steve Ott.
6:56 of 2nd period - Minor Penalty to Sidney Crosby for Goalie Interference.
6:57 of 2nd period - Matthew Lombardi wins face-off versus Jordan Staal in Senators zone.
8:07 of 2nd period - Shot by Jussi Jokinen.
8:07 of 2nd period - Stopped by Carey Price without a rebound.
8:08 of 2nd period - Jordan Staal wins face-off versus Kristian Huselius in Senators zone.
9:04 of 2nd period - Todd Bertuzzi is hit by Dion Phaneuf.
9:06 of 2nd period - Shot by Brad Lukowich.
9:06 of 2nd period - Shot Misses the Net.
9:08 of 2nd period - Shot by Daymond Langkow.
9:08 of 2nd period - Stopped by Carey Price with a rebound.
9:12 of 2nd period - Shot by Todd Bertuzzi.
9:12 of 2nd period - Shot Misses the Net.
9:14 of 2nd period - Shot by Milan Jurcina.
9:14 of 2nd period - Stopped by Carey Price without a rebound.
9:15 of 2nd period - Jason Spezza wins face-off versus Saku Koivu in Senators zone.
10:24 of 2nd period - Shot by David Jones.
10:24 of 2nd period - Stopped by Jonathan Quick without a rebound.
10:25 of 2nd period - Jussi Jokinen wins face-off versus David Steckel in Blues zone.
10:35 of 2nd period - Kristian Huselius is hit by Filip Kuba and loses puck.
10:39 of 2nd period - Icing by Filip Kuba.
10:40 of 2nd period - Daymond Langkow wins face-off versus David Steckel in Senators zone.
10:53 of 2nd period - Shot by Patrick Dwyer.
10:53 of 2nd period - Stopped by Jonathan Quick without a rebound.
10:54 of 2nd period - Jordan Staal wins face-off versus Jussi Jokinen in Blues zone.
10:59 of 2nd period - Shot by David Jones.
10:59 of 2nd period - Stopped by Jonathan Quick without a rebound.
11:00 of 2nd period - Jussi Jokinen wins face-off versus Sidney Crosby in Blues zone.
11:00 of 2nd period - Alexander Frolov is hit by Sidney Crosby and loses puck.
11:05 of 2nd period - Shot by Sidney Crosby.
11:05 of 2nd period - Deflect By Thomas Vanek.
11:05 of 2nd period - Shot Misses the Net.
11:07 of 2nd period - Shot by Thomas Vanek.
11:07 of 2nd period - Stopped by Jonathan Quick without a rebound.
11:08 of 2nd period - Jordan Staal wins face-off versus Daymond Langkow in Blues zone.
12:05 of 2nd period - Jay Bouwmeester is hit by Brian Pothier and loses puck.
12:16 of 2nd period - Shot by Kristian Huselius.
12:16 of 2nd period - Stopped by Carey Price with a rebound.
12:18 of 2nd period - Shot by Dennis Wideman.
12:18 of 2nd period - Stopped by Carey Price with a rebound.
12:24 of 2nd period - Shot by Kristian Huselius.
12:24 of 2nd period - Stopped by Carey Price without a rebound.
12:25 of 2nd period - Sidney Crosby wins face-off versus Matthew Lombardi in Senators zone.
12:25 of 2nd period - Sidney Crosby is hit by Jamie Langenbrunner.
13:51 of 2nd period - Minor Penalty to Guillaume Latendresse for Tripping.
13:51 of 2nd period - Minor Penalty to Milan Jurcina for Hooking.
13:52 of 2nd period - Chris Stewart wins face-off versus Saku Koivu in Blues zone.
14:18 of 2nd period - Shot by Sidney Crosby.
14:18 of 2nd period - Stopped by Jonathan Quick without a rebound.
14:19 of 2nd period - Jason Spezza wins face-off versus Jussi Jokinen in Blues zone.
14:27 of 2nd period - Jaroslav Spacek is hit by Jamie Langenbrunner.
14:36 of 2nd period - Off-side.
14:37 of 2nd period - Jason Spezza wins face-off versus Matthew Lombardi in neutral zone.
14:42 of 2nd period - Shot by Filip Kuba.
14:42 of 2nd period - Shot Blocked by Brian Pothier.
14:51 of 2nd period - Shot by Alexandre Burrows.
14:51 of 2nd period - Deflect By Jason Spezza.
14:51 of 2nd period - Stopped by Jonathan Quick without a rebound.
14:52 of 2nd period - Sidney Crosby wins face-off versus Matthew Lombardi in Blues zone.
15:49 of 2nd period - Dion Phaneuf is hit by Jamie Langenbrunner and loses puck.
17:22 of 2nd period - Shot by Carl Gunnarsson.
17:22 of 2nd period - Stopped by Jonathan Quick without a rebound.
17:23 of 2nd period - David Steckel wins face-off versus Jussi Jokinen in Blues zone.
17:38 of 2nd period - Shot by Kristian Huselius.
17:38 of 2nd period - Shot Misses the Net.
18:09 of 2nd period - Kristian Huselius is hit by Chris Stewart and loses puck.
18:35 of 2nd period - Minor Penalty to Chris Kunitz for Cross-checking.
18:36 of 2nd period - Jamie Langenbrunner wins face-off versus Jason Spezza in Blues zone.
18:55 of 2nd period - Shot by Jason Spezza.
18:55 of 2nd period - Deflect By Thomas Vanek.
18:55 of 2nd period - Stopped by Jonathan Quick without a rebound.
18:56 of 2nd period - Jamie Langenbrunner wins face-off versus Jason Spezza in Blues zone.
18:56 of 2nd period - Jamie Langenbrunner is hit by Daniel Briere.
19:27 of 2nd period - Icing by Jason Spezza.
19:28 of 2nd period - Jason Spezza wins face-off versus Jamie Langenbrunner in Senators zone.

Period #3

0:01 of 3rd period - Jamie Langenbrunner wins face-off versus Sidney Crosby in neutral zone.
0:01 of 3rd period - Saku Koivu is hit by Alexandre Burrows and loses puck.
1:31 of 3rd period - Icing by Milan Jurcina.
1:32 of 3rd period - Jason Spezza wins face-off versus Daymond Langkow in Blues zone.
2:08 of 3rd period - Icing by Jason Spezza.
2:09 of 3rd period - Jason Spezza wins face-off versus Matthew Lombardi in Senators zone.
2:46 of 3rd period - Shot by Chris Kunitz.
2:46 of 3rd period - Shot Misses the Net.
3:19 of 3rd period - David Steckel is hit by Chris Kunitz.
3:20 of 3rd period - Icing by David Steckel.
3:21 of 3rd period - David Steckel wins face-off versus Jussi Jokinen in Senators zone.
3:21 of 3rd period - David Steckel is hit by Jussi Jokinen.
3:42 of 3rd period - Patrick Eaves is hit by Brian Pothier and loses puck.
4:04 of 3rd period - Icing by Karlis Skrastins.
4:05 of 3rd period - Saku Koivu wins face-off versus David Steckel in Senators zone.
4:14 of 3rd period - Shot by Saku Koivu.
4:14 of 3rd period - Shot Misses the Net.
5:38 of 3rd period - Shot by Sidney Crosby.
5:38 of 3rd period - Stopped by Jonathan Quick without a rebound.
5:39 of 3rd period - Sidney Crosby wins face-off versus Matthew Lombardi in Blues zone.
6:37 of 3rd period - Thomas Vanek is hit by Steve Ott and loses puck.
6:41 of 3rd period - Minor Penalty to Steve Ott for Cross-checking.
6:42 of 3rd period - Jason Spezza wins face-off versus Jamie Langenbrunner in Blues zone.
6:42 of 3rd period - Jason Spezza is hit by Robyn Regehr.
6:57 of 3rd period - Daniel Briere is hit by Robyn Regehr and loses puck.
7:24 of 3rd period - Jordan Staal is hit by Jamie Langenbrunner and loses puck.
8:57 of 3rd period - Shot by Matthew Lombardi.
8:57 of 3rd period - Shot Blocked by Carl Gunnarsson.
9:38 of 3rd period - Sidney Crosby is hit by Scott Niedermayer and loses puck.
9:46 of 3rd period - Scott Niedermayer is hit by Thomas Vanek.
9:50 of 3rd period - Shot by Saku Koivu.
9:50 of 3rd period - Stopped by Carey Price without a rebound.
9:51 of 3rd period - Jason Spezza wins face-off versus Jussi Jokinen in Senators zone.
9:51 of 3rd period - Jason Spezza is hit by Kristian Huselius.
9:57 of 3rd period - Dennis Wideman is hit by Guillaume Latendresse and loses puck.
10:04 of 3rd period - Dennis Wideman is hit by Carl Gunnarsson and loses puck.
10:36 of 3rd period - Off-side.
10:37 of 3rd period - Patrick Eaves wins face-off versus Daymond Langkow in neutral zone.
11:25 of 3rd period - Shot by Matthew Lombardi.
11:25 of 3rd period - Shot Misses the Net.
11:27 of 3rd period - Shot by Jamie Langenbrunner.
11:27 of 3rd period - Stopped by Carey Price without a rebound.
11:28 of 3rd period - Sidney Crosby wins face-off versus Saku Koivu in Senators zone.
11:41 of 3rd period - Icing by Filip Kuba.
11:42 of 3rd period - Sidney Crosby wins face-off versus Jussi Jokinen in Senators zone.
11:47 of 3rd period - Shot by Sidney Crosby.
11:47 of 3rd period - Shot Misses the Net.
11:49 of 3rd period - Shot by Thomas Vanek.
11:49 of 3rd period - Shot Blocked by Dennis Wideman.
11:51 of 3rd period - Shot by Dion Phaneuf.
11:51 of 3rd period - Stopped by Jonathan Quick without a rebound.
11:52 of 3rd period - Jussi Jokinen wins face-off versus Jason Spezza in Blues zone.
11:57 of 3rd period - Shot by Kristian Huselius.
11:57 of 3rd period - Stopped by Carey Price without a rebound.
11:58 of 3rd period - Matthew Lombardi wins face-off versus Sidney Crosby in Senators zone.
12:24 of 3rd period - Shot by Sidney Crosby.
12:24 of 3rd period - Shot Blocked by Scott Niedermayer.
12:28 of 3rd period - Shot by Sidney Crosby.
12:28 of 3rd period - Stopped by Jonathan Quick without a rebound.
12:29 of 3rd period - Jason Spezza wins face-off versus Kristian Huselius in Blues zone.
12:32 of 3rd period - Shot by Alexandre Burrows.
12:32 of 3rd period - Shot Blocked by Jussi Jokinen.
12:34 of 3rd period - Shot by Carl Gunnarsson.
12:34 of 3rd period - Stopped by Jonathan Quick without a rebound.
12:35 of 3rd period - Jason Spezza wins face-off versus Daymond Langkow in Blues zone.
12:35 of 3rd period - Jason Spezza is hit by Milan Jurcina.
12:39 of 3rd period - Shot by Guillaume Latendresse.
12:39 of 3rd period - Stopped by Jonathan Quick without a rebound.
12:40 of 3rd period - Jordan Staal wins face-off versus Jussi Jokinen in Blues zone.
12:41 of 3rd period - Shot by Daniel Briere.
12:41 of 3rd period - Stopped by Jonathan Quick without a rebound.
12:42 of 3rd period - Alexandre Burrows wins face-off versus Kristian Huselius in Blues zone.
12:54 of 3rd period - Jussi Jokinen is hit by Jay Bouwmeester and loses puck.
13:40 of 3rd period - Icing by Jordan Staal.
13:41 of 3rd period - Daymond Langkow wins face-off versus Jordan Staal in Senators zone.
14:22 of 3rd period - Shot by Sidney Crosby.
14:22 of 3rd period - Stopped by Jonathan Quick without a rebound.
14:23 of 3rd period - Matthew Lombardi wins face-off versus Sidney Crosby in Blues zone.
14:23 of 3rd period - Jamie Langenbrunner is hit by Chris Stewart.
14:29 of 3rd period - Filip Kuba is hit by Jamie Langenbrunner and loses puck.
14:34 of 3rd period - Shot by Matthew Lombardi.
14:34 of 3rd period - Stopped by Carey Price without a rebound.
14:35 of 3rd period - Saku Koivu wins face-off versus Jason Spezza in Senators zone.
14:45 of 3rd period - Guillaume Latendresse is hit by Saku Koivu and loses puck.
14:49 of 3rd period - Jay Bouwmeester is hit by Saku Koivu and loses puck.
15:07 of 3rd period - Minor Penalty to Robyn Regehr for High sticking.
15:08 of 3rd period - Jussi Jokinen wins face-off versus Sidney Crosby in Blues zone.
16:03 of 3rd period - Minor Penalty to Milan Jurcina for Hooking.
16:04 of 3rd period - Jamie Langenbrunner wins face-off versus Daniel Briere in Blues zone.
16:15 of 3rd period - Shot by Dion Phaneuf.
16:15 of 3rd period - Shot Misses the Net.
16:19 of 3rd period - Shot by Daniel Briere.
16:19 of 3rd period - Stopped by Jonathan Quick without a rebound.
16:20 of 3rd period - Jamie Langenbrunner wins face-off versus Sidney Crosby in Blues zone.
16:50 of 3rd period - Icing by Jay Bouwmeester.
16:51 of 3rd period - Saku Koivu wins face-off versus Sidney Crosby in Senators zone.
17:06 of 3rd period - Shot by Dennis Wideman.
17:06 of 3rd period - Stopped by Carey Price without a rebound.
17:07 of 3rd period - Jussi Jokinen wins face-off versus Jason Spezza in Senators zone.
17:08 of 3rd period - Shot by Kristian Huselius.
17:08 of 3rd period - Stopped by Carey Price without a rebound.
17:09 of 3rd period - Chris Stewart wins face-off versus Jussi Jokinen in Senators zone.
17:34 of 3rd period - Shot by Chris Stewart.
17:34 of 3rd period - Stopped by Jonathan Quick without a rebound.
17:35 of 3rd period - Jussi Jokinen wins face-off versus Jason Spezza in Blues zone.
17:50 of 3rd period - Shot by Dion Phaneuf.
17:50 of 3rd period - Stopped by Jonathan Quick without a rebound.
17:51 of 3rd period - Sidney Crosby wins face-off versus Jamie Langenbrunner in Blues zone.
19:00 of 3rd period - Blues, Jonathan Quick is pulled from the net.
19:04 of 3rd period - Shot by Kristian Huselius.
19:04 of 3rd period - Shot Blocked by Karlis Skrastins.
19:22 of 3rd period - Jason Spezza is hit by Kristian Huselius and loses puck.
19:47 of 3rd period - Shot by Sidney Crosby.
19:47 of 3rd period - Shot Misses the Net.
19:49 of 3rd period - Shot by Jay Bouwmeester.
19:49 of 3rd period - Goal by Jay Bouwmeester - Blues : 2 - Senators : 4.
19:49 of 3rd period - Jonathan Quick from Blues was sent back in the game.
19:50 of 3rd period - Daymond Langkow wins face-off versus Chris Stewart in neutral zone.


Output by the SimonT Hockey Simulator (STHS) for Stephane Roy -- Original Page W3C XHTML 1.0 Valid